 Dungeon Crawl Stone Soup version 0.30-b1-2-g02819fbbbe (webtiles) character file.

Game seed: 2753731794308127713

872 MajorAdolf the Covert (level 8, -2/72 HPs)
             Began as a Naga Wanderer on Sept 3, 2023.
             Slain by a troll zombie (9 damage)
             ... in an ossuary.
             The game lasted 00:10:40 (5454 turns).

MajorAdolf the Covert (Naga Wanderer)               Turns: 5454, Time: 00:10:41

Health: -2/72      AC:  6    Str: 18    XL:     8   Next: 4%
Magic:  8/8        EV:  7    Int: 13    God:
Gold:   198        SH:  8    Dex:  9    Spells: 7/7 levels left

rFire   . . .        j - +0 whip (venom)
rCold   . . .        f - +0 kite shield
rNeg    . . .        o - +0 robe
rPois   +            A - +0 helmet
rElec   +            (no cloak)
rCorr   .            D - +1 pair of gloves of the Conjuring Queens {rElec}
SInv    +            (no barding)
Will    +....        y - amulet of regeneration
Stlth   ++++         (no ring)
HPRegen 1.12/turn    (no ring)
MPRegen 0.11/turn

%: no passive effects
@: very slow
A: AC +2, large, see invisible, deformed body, poison resistance, slowness 2,
spit poison 1, naga tail 1
a: Spit Poison


You were in an ossuary.
You visited 1 branch of the dungeon, and saw 6 of its levels.
You also visited: Ossuary.

You collected 198 gold pieces.

Inventory:

Hand Weapons
 a - a +2 dagger
 c - a +0 quarterstaff
 j - a +0 whip of venom (weapon)
 B - a +0 trident of flaming
 F - a +2 dagger of venom
Armour
 f - a +0 kite shield (worn)
 o - a +0 robe (worn)
 A - a +0 helmet (worn)
 D - the +1 pair of gloves of the Conjuring Queens (worn) {rElec}
   (You found it on level 3 of the Dungeon)

   rElec:     It insulates you from electricity.
Jewellery
 y - an amulet of regeneration (around neck)
Wands
 e - a wand of digging (1)
Scrolls
 b - a scroll of butterflies
 h - a scroll of vulnerability
 m - 3 scrolls of identify {unknown}
 q - a scroll of torment {unknown}
 r - a scroll of acquirement {unknown}
 v - a scroll of enchant armour {unknown}
 w - 2 scrolls of teleportation {unknown}
 G - a scroll of fear
Potions
 i - 3 potions of curing {unknown}
 n - a potion of attraction {unknown}
 p - 2 potions of might {unknown}
 t - a potion of mutation {unknown}
 x - 2 potions of haste {unknown}
 z - a potion of invisibility {unknown}
 C - a potion of lignification {unknown}
 E - a potion of berserk rage {unknown}


   Skills:
 + Level 3.7 Fighting
 + Level 3.4(3.7) Maces & Flails
 - Level 2.0(3.0) Staves
 - Level 1.5 Armour
 + Level 8.6 Stealth
 + Level 3.3 Shields
 + Level 4.3 Evocations


You had 7 spell levels left.
You didn't know any spells.
Your spell library was empty.

Dungeon Overview and Level Annotations

Branches:
Dungeon (6/15)            Ossuary (1/1)
 Temple: D:4-7

Altars:
Fedhas
Ru
Sif Muna

Annotations:
D:3 3 runed translucent doors, Natasha; Termiter's ghost, weakling DsNe
D:4 Dowan


Innate Abilities, Weirdness & Mutations

Your serpentine skin is tough. (AC +2)
You have supernaturally acute eyesight. (SInv)
Armour fits poorly on your strangely shaped body.
Your system is resistant to poisons. (rPois)
You cover ground very slowly.
You can spit poison.
You have a snake-like lower body.


Message History

The troll zombie is heavily damaged.
The troll zombie bites you!
* * * LOW HITPOINT WARNING * * *
The troll zombie claws you.
* * * LOW HITPOINT WARNING * * *
The troll zombie barely misses you.
You feel much better.
The troll zombie bites you but does no damage.
The troll zombie claws you! The troll zombie claws you.
Aiming: Iceblast
Press: ? - help, Shift-Dir - straight line The mass of ice explodes!
The iceblast engulfs the troll zombie!
The troll zombie partially resists.
The troll zombie is severely damaged.
The now-empty wand crumbles to dust.
You block the troll zombie's attack. The troll zombie claws you!
* * * LOW HITPOINT WARNING * * *
The troll zombie barely misses you.
Okay, then.
Okay, then.
Okay, then.
You hit the troll zombie.
The troll zombie is severely damaged.
You hit the troll zombie.
The troll zombie is almost destroyed.
The troll zombie bites you but does no damage.
The troll zombie claws you!
* * * LOW HITPOINT WARNING * * *
The troll zombie claws you.
* * * LOW HITPOINT WARNING * * *
You hit the troll zombie.
The troll zombie is almost destroyed.
You block the troll zombie's attack. The troll zombie claws you.
* * * LOW HITPOINT WARNING * * *
The troll zombie claws you but does no damage.
Unknown command.
You hit the troll zombie.
The troll zombie is almost destroyed.
You block the troll zombie's attack. The troll zombie claws you!
You die...

#..'.#....#....#....#...
#..###....#....#....#...
#..#.#....#....#....#...
#..#.#....#....#....#...
#..'.###################
#..###....# #..#.#....#
#..#.#....# #..'.'.@Z.#
#..######## #..#.#
#..#.+ #..'.# #..###
#..#.# #..#.# #..'.#


You could see a troll zombie.

Vanquished Creatures
  Sigmund (D:5)
  Menkaure (D:4)
  Duvessa (D:4)
  A scorpion (D:4)
  A centaur zombie (Ossuary)
  2 orc priests
  Ijyb (D:2)
  Terence (D:3)
  2 orc wizards (D:4)
  An ogre zombie (Ossuary)
  2 mummies (Ossuary)
  Robin (D:3)
  7 adders
  3 adder zombies (Ossuary)
  3 worms
  2 dart slugs (D:1)
  4 orcs
  5 bats
  8 endoplasms
  3 giant cockroaches (D:1)
  3 gnoll zombies (Ossuary)
  13 goblins
  5 hobgoblins
  7 kobolds
  3 quokkas
  6 ball pythons
  4 frilled lizards
  3 goblin zombies (Ossuary)
  6 hobgoblin zombies (Ossuary)
  2 kobold zombies (Ossuary)
  6 quokka zombies (Ossuary)
  5 rats
  2 rat zombies (Ossuary)
115 creatures vanquished.

Notes
Turn   | Place    | Note
-------+----------+-------------------------------------------
     0 | D:1      | MajorAdolf the Naga Wanderer began the quest for the Orb.
     0 | D:1      | MajorAdolf set off with the following items: a +2 dagger, a
                  | scroll of butterflies, a +0 quarterstaff, a +0 scale mail,
                  | a scroll of fear.
     0 | D:1      | Reached XP level 1. HP: 15/15 MP: 1/1
   132 | D:1      | Reached skill level 6 in Stealth
   207 | D:1      | Reached XP level 2. HP: 24/24 MP: 2/2
   477 | D:1      | Reached skill level 1 in Fighting
   492 | D:1      | Reached skill level 1 in Shields
   603 | D:1      | Reached XP level 3. HP: 25/31 MP: 3/3
  1734 | D:2      | Reached XP level 4. HP: 27/38 MP: 4/4
  2231 | D:3      | Noticed Natasha
  2277 | D:3      | Found a runed translucent gate.
  2277 | D:3      | Found a runed translucent gate.
  2278 | D:3      | Found a runed translucent gate.
  2280 | D:3      | Noticed Termiter's ghost (weakling DsNe)
  2300 | D:3      | Noticed Ijyb
  2301 | D:3      | Noticed Robin
  2349 | D:3      | Killed Robin
  2350 | D:3      | Reached skill level 1 in Maces & Flails
  2381 | D:2      | Killed Ijyb
  2382 | D:2      | Reached XP level 5. HP: 30/45 MP: 5/5
  2465 | D:3      | Identified the +1 pair of gloves of the Conjuring Queens
                  | {rElec}
  2526 | D:3      | Reached skill level 7 in Stealth
  2577 | D:3      | Noticed Terence
  2592 | D:3      | Killed Terence
  2963 | D:4      | Reached XP level 6. HP: 52/52 MP: 6/6
  3155 | D:4      | Noticed Menkaure
  3161 | D:4      | Killed Menkaure
  3362 | D:4      | Found a shimmering blue altar of Sif Muna.
  3579 | D:4      | Reached XP level 7. HP: 49/61 MP: 7/7
  3704 | D:4      | Found a blossoming altar of Fedhas.
  3706 | D:4      | Found a sacrificial altar of Ru.
  3731 | D:4      | Noticed Duvessa
  4623 | D:4      | Noticed Dowan
  4744 | D:4      | Killed Duvessa
  4745 | D:4      | Reached skill level 8 in Stealth
  4756 | D:4      | You fall into a shaft and drop 2 floors!
  4800 | D:5      | Entered Level 5 of the Dungeon
  4834 | D:5      | Noticed Sigmund
  4873 | D:5      | Killed Sigmund
  4965 | D:5      | Found a sand-covered staircase.
  4972 | Ossuary  | Entered an ossuary
  5351 | Ossuary  | Reached XP level 8. HP: 70/70 MP: 8/8
  5454 | Ossuary  | Slain by a troll zombie

Illustrated notes

Levels and vault maps discovered:
D:1:      dpeg_arrival_water_fire, layout_basic, corexii_item_surrounded_by_moat
D:2:      layout_basic
D:3:      layout_loops_ring, gammafunk_ghost_necromancy, serial_park_tiny_pond,
          uniq_robin, uniq_natasha, uniq_terence, uniq_ijyb
D:4:      cheibrodos_pilgrimage, layout_gridville, kennysheep_orc_sif_temple,
          minitemple, minmay_misc_feat_room, uniq_menkaure, uniq_duvessa
D:5:      layout_basic, minmay_overflow_temple_star_quad,
          chequers_ossuary_entry_cave, kennysheep_nondescript, uniq_edmund,
          uniq_grinder, uniq_sigmund
D:6:      layout_rooms, mainiacjoe_overflow_surrounded_room,
          due_unseen_surprise, uniq_eustachio
Ossuary:  ossuary_boxes_badplayer

Skill      XL: |  1  2  3  4  5  6  7 |
---------------+----------------------+-----
Stealth        | 6 7 8 |  8.6
Fighting       | 1 2 3 |  3.7
Shields        | 1 2 3 |  3.3
Maces & Flails | 1 2 3 |  3.4
Evocations     | 3 4 |  4.3
Staves         | |  2.0
Armour         | |  1.5

Action                     |  1- 3 |  4- 6 |  7- 9 || total
---------------------------+-------+-------+-------++-------
  Melee: Dagger            |    14 |       |       ||    14
         Whip              |    58 |   149 |   194 ||   401
Ability: Spit Poison       |    18 |    18 |     4 ||    40
  Evoke: Wand              |       |     1 |     2 ||     3
    Use: Scroll            |       |     1 |     5 ||     6
         Potion            |       |       |     2 ||     2
   Stab: Sleeping          |     4 |     3 |    14 ||    21
 Armour: Robe              |    10 |    28 |    60 ||    98
         Skin              |     1 |       |       ||     1
  Dodge: Dodged            |    30 |    47 |    39 ||   116
  Block: Kite shield       |    26 |    47 |    69 ||   142
